 Dungeon Crawl Stone Soup version 0.18.1-5-g4a78601 (webtiles) character file.

583 Northaan the Skirmisher (level 7, -10/72 HPs)
             Began as a Troll Berserker on May 9, 2016.
             Was a Priest of Trog.
             Blown up by an orc (17 damage)
             ... with a wand of disintegration
             ... on level 5 of the Dungeon.
             The game lasted 00:07:17 (3908 turns).

Northaan the Skirmisher (Troll Berserker)           Turns: 3908, Time: 00:07:18

Health: -10/72     AC:  5    Str: 30    XL:     7   Next: 14%
Magic:  6/6        EV: 10    Int:  3    God:    Trog [***...]
Gold:   234        SH:  0    Dex:  9    Spells: 0 memorised, 6 levels left

rFire  . . .     SeeInvis .       - Unarmed
rCold  . . .     Gourm    +     a - +0 animal skin
rNeg   . . .     Faith    .     (no shield)
rPois  .         Spirit   .     (helmet restricted)
rElec  .         Dismiss  .     (no cloak)
rCorr  .         Reflect  .     (gloves unavailable)
SustAt .         Harm     .     (boots unavailable)
MR     .....                    k - amulet of inaccuracy
Stlth  ++........               i - ring of stealth
                                c - +2 ring of strength

@: not resistant to hostile enchantments, unstealthy
A: unfitting armour, claws 3, fast metabolism 3, gourmand, regeneration 2,
shaggy fur 1, tough skin 2
a: Berserk, Trog's Hand, Burn Spellbooks, Renounce Religion


You were on level 5 of the Dungeon.
You worshipped Trog.
Trog was most pleased with you.
You were not hungry.

You visited 1 branch of the dungeon, and saw 5 of its levels.

You collected 234 gold pieces.

Inventory:

Armour
 a - a +0 animal skin (worn)
 e - a +0 scale mail
Jewellery
 c - a +2 ring of strength (left claw)
 i - a ring of stealth (right claw)
 k - an amulet of inaccuracy (around neck)
 s - an uncursed ring of magical power
 D - an uncursed amulet of regeneration {unknown}
Wands
 z - a wand of lightning (11/15)
Scrolls
 g - 2 scrolls of amnesia
 h - 6 scrolls of identify
 l - 2 scrolls of magic mapping {unknown}
 m - 2 scrolls of teleportation {unknown}
 p - 3 scrolls of enchant armour {unknown}
 t - 2 scrolls of random uselessness {unknown}
 u - 2 scrolls of enchant weapon {unknown}
 v - a scroll of immolation {unknown}
 y - 3 scrolls of remove curse
Potions
 d - a potion of cancellation {unknown}
 f - a potion of heal wounds {unknown}
 j - 2 potions of brilliance
 o - 3 potions of curing {unknown}
 q - 3 potions of flight {unknown}
 r - 2 potions of degeneration {unknown}
 A - a potion of magic {unknown}
Books
 B - a book of Power

   Spells                             Type                      Level
   a - Fulminant Prism                Conjuration/Hexes            4
   b - Iskenderun's Mystic Blast      Conjuration                  4
   c - Venom Bolt                     Conjuration/Poison           5
   d - Bolt of Magma                  Conjuration/Fire/Earth       5
   e - Iron Shot                      Conjuration/Earth            6
   f - Orb of Destruction             Conjuration                  7
   g - Spellforged Servitor           Conjuration/Summoning        7
   Trog disapproves of the use of such an item.
Comestibles
 b - 9 bread rations
 n - a fruit
 w - a beef jerky
 x - 2 meat rations
 C - 2 royal jellies


   Skills:
 * Level 5.5 Fighting
 - Level 2.6 Dodging
 + Level 5.4 Unarmed Combat


You had 6 spell levels left.
You didn't know any spells.

Dungeon Overview and Level Annotations

Branches:
Dungeon (5/15)
 Temple: D:4-7

Altars:
Cheibriados


Innate Abilities, Weirdness & Mutations

You are too large for most types of armour.
You have claws for hands.
Your metabolism is lightning-fast.
You like to eat raw meat.
You heal very quickly.
You are covered in fur (AC +1).
You have very tough skin (AC +2).


Message History

You kill the orc wizard!
Trog accepts your kill.
Trog appreciates your killing of a magic user.
The orc hits you with an enchanted morningstar.
You closely miss the orc.
The orc zaps a wand.
You are blasted!
The orc hits you with a dagger.
You scratch the orc but do no damage. The orc hits you with a dagger.
The orc hits you with an enchanted morningstar.
The orc hits you with a dagger.
You closely miss the orc. The orc hits you with a dagger.
The orc closely misses you. x2
You miss the orc. The orc barely misses you. The orc hits you with a dagger.
The orc closely misses you.
You barely miss the orc.
The orc zaps a wand.
You are blasted!
* * * LOW HITPOINT WARNING * * *
The orc misses you.
You are too injured to fight recklessly!
Unknown command.
The orc zaps a wand.
You are blasted!
You die...

####
.#+##########...#
................#
................#
................#
................#
.......)oo......#
.........o@.....#
.#+##########...#
#...###........
#....##...(....
####.##........
##########..#.......
...)......#.#......#
...........).......##
.....................


You could see 3 orcs.

Vanquished Creatures
  An ogre (D:4)
  2 crimson imps (D:5)
  A howler monkey (D:5)
  A hound (D:4)
  An orc priest (D:5)
  3 orc wizards
  Natasha (D:3)
  A worker ant (D:4)
  A hound zombie (D:5)
  6 adders
  3 gnolls (D:3)
  A shadow imp (D:4)
  An ooze (D:3)
  2 worms
  3 giant geckos
  7 orcs
  6 bats
  3 giant cockroaches
  8 goblins
  7 hobgoblins
  6 jackals
  4 quokkas
  5 giant newts
  9 kobolds
  A quokka skeleton (D:5)
  11 rats
95 creatures vanquished.

Notes
Turn   | Place    | Note
--------------------------------------------------------------
     0 | D:1      | Northaan the Troll Berserker began the quest for the Orb.
     0 | D:1      | Reached XP level 1. HP: 22/22 MP: 0/0
   179 | D:1      | Reached XP level 2. HP: 29/29 MP: 1/1
   738 | D:2      | Reached ** piety under Trog
   783 | D:2      | Reached XP level 3. HP: 35/36 MP: 2/2
  1018 | D:2      | Found a faded altar to an unknown god.
  1522 | D:3      | Noticed Natasha
  1663 | D:2      | Reached XP level 4. HP: 21/45 MP: 3/3
  1936 | D:3      | HP: 2/46 [jackal (3)]
  2165 | D:3      | Killed Natasha
  2165 | D:3      | Reached XP level 5. HP: 54/54 MP: 4/4
  2252 | D:3      | Reached *** piety under Trog
  2612 | D:4      | Found a snail-covered altar of Cheibriados.
  2618 | D:4      | Reached XP level 6. HP: 63/63 MP: 5/5
  2800 | D:4      | Reached skill level 5 in Unarmed Combat
  3209 | D:4      | Reached skill level 5 in Fighting
  3622 | D:5      | Entered Level 5 of the Dungeon
  3864 | D:5      | Reached XP level 7. HP: 72/72 MP: 6/6
  3908 | D:5      | Blown up by an orc

Skill      XL: |  1  2  3  4  5  6 |
---------------+-------------------+-----
Fighting       | 3 4 5 |  5.5
Unarmed Combat | 4 5 |  5.4
Dodging        | |  2.6

Action                   |  1- 3 |  4- 6 |  7- 9 || total
-------------------------+-------+-------+-------++-------
Melee: Unarmed           |   163 |   242 |    17 ||   422
       Punch             |     2 |     3 |       ||     5
Invok: Berserk           |       |     1 |       ||     1
  Use: Scroll            |     3 |       |       ||     3
 Stab: Sleeping          |    10 |     1 |       ||    11
  Eat: Chunk             |    12 |    21 |       ||    33
       Fruit             |       |     3 |       ||     3
Armor: Animal skin       |    60 |    88 |     3 ||   151
Dodge: Dodged            |    73 |   143 |    16 ||   232
